 Dungeon Crawl Stone Soup version 0.16.0-6-gad6103a (webtiles) character file.

39 Chiseanne the Chiller (level 3, -9/22 HPs)
             Began as an Octopode Wanderer on Mar 15, 2015.
             Mangled by a worm (11 damage)
             ... on level 2 of the Dungeon.
             The game lasted 00:04:44 (1208 turns).

Chiseanne the Chiller (Octopode Wanderer)           Turns: 1208, Time: 00:04:44

Health: -9/22      AC:  1    Str: 11    XL:     3   Next: 45%
Magic:  8/8        EV: 10    Int: 17    God:
Gold:   69         SH:  3    Dex: 11    Spells: 5 memorised, 0 levels left

rFire  . . .     SeeInvis .     m - +0 hand axe
rCold  . . .     Clarity  .     a - +0 buckler
rNeg   . . .     SustAb   .     (helmet restricted)
rPois  .         Gourm    .     k - amulet of regeneration
rElec  .         Spirit   .     h - +2 ring of dexterity
rCorr  .         Warding  .     (no ring)
rMut   .         Stasis   .     (no ring)
MR     .....                    (no ring)
Stlth  +++.......               (no ring)
                                (no ring)
                                (no ring)
                                (no ring)

@: repel missiles, not resistant to hostile enchantments, fairly stealthy
A: almost no armour, amphibious, 8 rings, constrict 8, camouflage 1, gelatinous
body 1
a: no special abilities


You were on level 2 of the Dungeon.
You were hungry.

You visited 1 branch of the dungeon, and saw 2 of its levels.

You collected 69 gold pieces.

Inventory:

Hand weapons
 m - a +0 hand axe (weapon)
Missiles
 i - 16 sling bullets
 j - 4 arrows
Armour
 a - a +0 buckler (worn)
Jewellery
 h - a +2 ring of dexterity (left tentacle)
 k - an amulet of regeneration (around mantle)
Scrolls
 c - 3 scrolls of teleportation
 f - a scroll of amnesia {unknown}
Potions
 n - a potion of magic {unknown}
Books
 b - Iskenderun's Compendium of Battle Magic and Envenoming

   Spells                             Type                      Level
   a - Sting                          Conjuration/Poison           1
   b - Mephitic Cloud                 Conjuration/Poison/Air       3
 e - a book of Minor Magic

   Spells                             Type                      Level
   a - Magic Dart                     Conjuration                  1
   b - Blink                          Translocation                2
   c - Call Imp                       Summoning                    2
   d - Repel Missiles                 Charms/Air                   2
   e - Slow                           Hexes                        2
   f - Conjure Flame                  Conjuration/Fire             3
   g - Mephitic Cloud                 Conjuration/Poison/Air       3
Comestibles
 d - a slice of pizza
 g - a bread ration
 l - a royal jelly
 o - a meat ration


   Skills:
 * Level 0.4 Fighting
 - Level 0.8 Dodging
 - Level 2.6 Stealth
 * Level 3.8 Spellcasting
 * Level 0.6 Conjurations
   Level 1.0 Necromancy
   Level 4.0 Ice Magic


You couldn't memorise any spells.
You knew the following spells:

 Your Spells              Type           Power        Failure   Level  Hunger
a - Magic Dart            Conj           #...         21%         1    None
b - Sting                 Conj/Pois      #...         28%         1    None
c - Blink                 Tloc           N/A          50%         2    ##.....
d - Repel Missiles        Chrm/Air       #.....       50%         2    ##.....
e - Conjure Flame         Conj/Fire      #.......     78%         3    ###....


Dungeon Overview and Level Annotations

Branches:
Dungeon (2/15)

Altars:


Innate Abilities, Weirdness & Mutations

You cannot wear most types of armour.
You are amphibious.
You can wear up to eight rings at the same time.
You can use your tentacles to constrict many enemies at once.
Your skin changes colour to match your surroundings (Stealth).
Your rubbery body absorbs attacks (AC +1).


Message History

You constrict the hobgoblin. The hobgoblin barely misses you.
You hit the hobgoblin!
You kill the hobgoblin!
You see here a club.
o - a meat ration A worm comes into view.
A hobgoblin comes into view. It is wielding a club.
You hit the worm but do no damage. You grab the worm. You squeeze the worm.
The worm is lightly wounded.
You constrict the worm. The worm bites you!
You hit the worm.
The worm is lightly wounded.
You constrict the worm. The worm bites you!
Ouch! That really hurt!
* * * LOW HITPOINT WARNING * * *
You hit the worm but do no damage.
The worm is moderately wounded.
You constrict the worm. The worm bites you!
Ouch! That really hurt!
You die...

############ #.)........#
#..........#
#..........##########
#..........##.......#
#..........##.......#####
................@w...g..>
#..........##............
#..........#######.#.#..
#.##...............# #
#.##.###########.. #
#.##.# #.##.# #.##.
#.##.#


You could see a worm and a hobgoblin.

Vanquished Creatures
  A giant mite (D:1)
  An ooze (D:1)
  5 goblins
  2 hobgoblins
  A jackal (D:1)
  6 bats
  A giant newt (D:1)
  7 kobolds (D:1)
  6 rats (D:1)
30 creatures vanquished.

Notes
Turn   | Place    | Note
--------------------------------------------------------------
     0 | D:1      | Chiseanne, the Octopode Wanderer, began the quest for the Orb.
     0 | D:1      | Chiseanne set off with: a book of Minor Magic, Iskenderun's Compendium of Battle Magic and Envenoming, a scroll of teleportation, a +0 club, a +0 dagger, a bread ration
     0 | D:1      | Reached XP level 1. HP: 11/11 MP: 4/4
     2 | D:1      | Identified Iskenderun's Compendium of Battle Magic and Envenoming
     4 | D:1      | Learned a level 1 spell: Magic Dart
     6 | D:1      | Learned a level 1 spell: Sting
   366 | D:1      | Reached XP level 2. HP: 9/17 MP: 1/6
   406 | D:1      | Learned a level 2 spell: Blink
   409 | D:1      | Learned a level 2 spell: Repel Missiles
   654 | D:1      | Reached XP level 3. HP: 21/21 MP: 8/8
   660 | D:1      | Learned a level 3 spell: Conjure Flame
  1207 | D:2      | HP: 1/22 [worm (11)]
  1208 | D:2      | Mangled by a worm

Action                   || total
-------------------------++-------
Melee: Club              ||    27
       Hand axe          ||    36
 Cast: Magic Dart        ||    12
       Blink             ||     1
       Repel Missiles    ||     1
 Stab: Sleeping          ||     4
  Eat: Chunk             ||     1
